 Dungeon Crawl Stone Soup version 0.26.1-10-gdfb7c7de75 (webtiles) character file.

Game seed: 8852870069001077735

12761 infcreate the Covert (level 11, -7/64 HPs)
             Began as a Vampire Enchanter on Apr 7, 2021.
             Was an Elder of Dithmenos.
             Mangled by a minotaur
             ... wielding a +3 rapier of flaming
              (8 damage)
             ... in a Gauntlet.
             The game lasted 01:29:24 (15287 turns).

infcreate the Covert (Vampire Enchanter)           Turns: 15287, Time: 01:29:25

Health: -7/64      AC:  9    Str:  5 (7)  XL:     11   Next: 66%
Magic:  6/28       EV: 21    Int: 17 (20) God:    Dithmenos [****..]
Gold:   493        SH:  0    Dex: 23 (24) Spells: 9/21 levels left

rFire    . . .     SeeInvis +   a - +2 dagger
rCold    + + .     Faith    .   (no shield)
rNeg     + + +     Spirit   .   i - +0 robe {Will+}
rPois    ∞         Reflect  .   G - +2 hat of Grace {*Contam Rampage Int+2}
rElec    .         Harm     .   B - scarf {shadows}
rCorr    .         Rampage  +   y - +2 pair of gloves
Will     ++...     NoTele   +   r - +1 pair of boots {Stlth+} Stlth ***+++++++
                                A - amulet of the acrobat
HPRegen  0.00/turn              D - ring of Pezotharch {MP+9 Dex+6 Slay+3}
MPRegen  0.21/turn              Z - ring of wizardry

@: confusing touch, very slightly contaminated, bloodless, wreathed by umbra
A: fangs 3, see invisible, unbreathing
a: Bat Form, Revivify, Renounce Religion, Shadow Step


You were in a Gauntlet.
You worshipped Dithmenos.
Dithmenos was greatly pleased with you.
You visited 1 branch of the dungeon, and saw 11 of its levels.
You also visited: Bailey and Gauntlet.

You collected 847 gold pieces.
You spent 354 gold pieces at shops.


Innate Abilities, Weirdness & Mutations

You do not regenerate when monsters are visible.
You are frail without blood (-20% HP).
You can heal yourself when you bite living creatures.
You are immune to poison.
You have razor-sharp teeth.
You have supernaturally acute eyesight. (SInv)
You can survive without breathing.


   Skills:
 + Level 5.3 Fighting
 * Level 9.3 Short Blades
 * Level 9.5 Dodging
 * Level 13.3 Stealth
 + Level 5.7 Spellcasting
 * Level 12.5 Hexes


You had 9 spell levels left.
You knew the following spells:

 Your Spells              Type           Power        Failure   Level
c - Corona                Hex            25%          1%          1
d - Tukima's Dance        Hex            23%          1%          3
e - Ensorcelled Hibernat  Hex/Ice        26%          1%          2
f - Dazzling Flash        Conj/Hex       26%          1%          3
t - Confusing Touch       Hex            23%          1%          3

Your spell library contained the following spells:

 Spells                   Type           Power        Failure   Level
 Slow                     Hex            23%          1%          2
 Inner Flame              Hex/Fire       13%          1%          3
 Portal Projectile        Hex/Tloc       26%          1%          3
 Cause Fear               Hex            11%          1%          4
 Leda's Liquefaction      Hex/Erth       6%           4%          4
 Animate Skeleton         Necr           4%           5%          1
 Apportation              Tloc           4%           5%          1
 Beastly Appendage        Tmut           4%           5%          1
 Summon Small Mammal      Summ           8%           5%          1
 Wereblood                Tmut           2%           9%          2
 Silence                  Hex/Air        6%           12%         5
 Yara's Violent Unravell  Hex/Tmut       6%           12%         5
 Spider Form              Tmut/Pois      1%           16%         3
 Ice Form                 Ice/Tmut       2%           45%         4
 Blade Hands              Tmut           1%           78%         5
 Discord                  Hex            11%          87%         8

Inventory:

Hand Weapons
 a - a +2 dagger (weapon)
 w - a cursed +1 short sword of venom
Armour
 i - a +0 robe of willpower (worn)
 j - a +0 helmet
 r - a +1 pair of boots of stealth (worn)
 s - a +2 animal skin
 y - a +2 pair of gloves (worn)
 B - a scarf of shadows (worn)
 G - the +2 hat of Grace (worn) {*Contam Rampage Int+2}
   (You found it in a Gauntlet)

   It affects your intelligence (+2).
   It causes magical contamination when unequipped.
   It bestows one free step when moving towards enemies.
Jewellery
 f - an uncursed ring of fire
 A - an amulet of the acrobat (around neck)
 D - the ring of Pezotharch (left hand) {MP+9 Dex+6 Slay+3}
   (You found it on level 8 of the Dungeon)

   [ring of dexterity]

   It affects your dexterity (+6).
   It affects your accuracy and damage with ranged weapons and melee attacks
   (+3).
   It affects your magic capacity (+9).
 E - the ring "Ilaneij" {rPois rC+ rCorr}
   (You found it on level 8 of the Dungeon)

   [ring of resist corrosion]

   It protects you from cold.
   It protects you from poison.
   It provides partial protection from all sources of acid and corrosion.
 Z - a ring of wizardry (right hand)
Wands
 n - a wand of polymorph (7)
 t - a wand of flame (18)
 x - a wand of digging (9)
Scrolls
 b - 3 scrolls of enchant weapon
 d - 10 scrolls of teleportation {@r4}
 p - a scroll of identify {@r1}
 u - a scroll of fear
 F - 6 scrolls of remove curse {@r2}
 H - a scroll of enchant armour
Potions
 c - a potion of cancellation {unknown}
 e - 3 potions of magic
 g - 3 potions of degeneration
 h - 2 potions of might
 k - a potion of lignification
 l - 4 potions of curing {@q1}
 m - 3 potions of haste {@q3}
 o - 2 potions of flight
 q - a potion of ambrosia
 v - a potion of brilliance
 z - a potion of attraction
Miscellaneous
 C - a phial of floods (inert)
 I - a condenser vane (inert)

Dungeon Overview and Level Annotations

Branches:
Dungeon (11/15)            Temple (0/1) D:6            Lair (0/6) D:8
 Bailey (visited)         Gauntlet (1/1)
    Orc: D:9-12

Altars:
Ashenzari
Dithmenos
Fedhas
Makhleb
Nemelex Xobeh
Okawaru
Qazlal
Sif Muna
Trog
Vehumet
Wu Jian
Zin
Beogh

Shops:
D:5 *   D:6 }   D:7 :

Portals:
Trove: D:10 (give 8 scrolls of fog)

Annotations:
D:7 3 runed translucent doors, MajorAdolf's ghost, novice NaWn Gauntlet 8 transporters, 2 runed translucent doors, exclusion: obsidian statue

▓...©.©.©...▓
▓.............▓
▓▓▓▓▓▓▓.▓▓▓▓▓▓▓
▓▓▓▓▓.▓ ▓.....▓
▓.▓▓▓▓▓▓▓
▓.▓(....▓
▓.▓.▓▓▓.▓ ▓.▓@▓
▓.▓ ▓.▓H▓ ▓.▓
▓.▓.▓ ▓.▓ ▓.▓..
▓.▓ ▓.▓▓▓▓▓.▓
▓.......▓
▓▓▓▓▓▓▓▓▓


You could see a minotaur (blind).


Message History

The minotaur gores you but does no damage.
Casting: Dazzling Flash (safe; 1% risk of failure)
Confirm with . or Enter, or press ? or * to list all spells.
You feel a numb sensation.
The minotaur hits you with a +3 rapier of flaming!
* * * LOW HITPOINT WARNING * * *
The minotaur burns you!
* * * LOW HITPOINT WARNING * * *
The minotaur completely misses you.
Okay, then.
Okay, then.
Casting: Dazzling Flash (safe; 1% risk of failure)
Confirm with . or Enter, or press ? or * to list all spells.
You feel a numb sensation.
Your hands begin to glow red.
Press: ? - help, v - describe, . - travel
Here: a minotaur, wielding a +3 rapier of flaming, wearing a +0 chain mail, wearing an uncursed amulet of magic regeneration and quivering 16 javelins (chance to confuse on hit: 2%, umbra)
The floor.
Casting: Confusing Touch (safe; 1% risk of failure)
Confirm with . or Enter, or press ? or * to list all spells.
You feel a numb sensation.
The minotaur is dazzled.
The minotaur misses you. x2
You hit the minotaur but do no damage.
The minotaur hits you but does no damage.
The minotaur gores you but does no damage.
You hit the minotaur but do no damage.
You bite the minotaur, but do no damage.
You hit the minotaur but do no damage.
The minotaur hits you with a +3 rapier of flaming!!
* * * LOW HITPOINT WARNING * * *
The minotaur burns you!
You die...

Skill      XL: |  1  2  3  4  5  6  7  8  9 10 11 |
---------------+----------------------------------+-----
Stealth        | 5 6 7 9 10 12 13 | 13.3
Hexes          | 5 6 7 8 10 11 12 | 12.5
Short Blades   | 2 3 4 5 7 8 9 |  9.3
Dodging        | 3 4 5 6 7 8 9 |  9.5
Fighting       | 1 2 3 4 5 |  5.3
Spellcasting   | 3 4 5 |  5.7

Action                   |  1- 3 |  4- 6 |  7- 9 | 10-12 || total
-------------------------+-------+-------+-------+-------++-------
Melee: Dagger            |   105 |   140 |   243 |   376 ||   864
       Bite              |     3 |    11 |    25 |    46 ||    85
 Cast: Corona            |    14 |     5 |    17 |     8 ||    44
       Ensorcelled Hiber |    22 |    37 |    72 |    67 ||   198
       Confusing Touch   |       |    10 |    27 |    38 ||    75
       Dazzling Flash    |       |       |    11 |    10 ||    21
Invok: Shadow Step       |       |       |     2 |     1 ||     3
 Abil: Exsanguinate      |     1 |       |       |       ||     1
Evoke: Wand              |       |       |     1 |       ||     1
       Condenser vane    |       |       |       |     4 ||     4
       Phial of floods   |       |       |       |     1 ||     1
  Use: Scroll            |     2 |     4 |     8 |     4 ||    18
       Potion            |       |       |     1 |    12 ||    13
 Stab: Sleeping          |    26 |    32 |    67 |    57 ||   182
       Confused          |       |    12 |    18 |    40 ||    70
       Distracted        |       |       |     1 |       ||     1
       Invisible         |       |       |     3 |     3 ||     6
Armor: Robe              |    25 |     4 |       |     8 ||    37
       Animal skin       |       |    11 |    30 |    34 ||    75
Dodge: Dodged            |    84 |    60 |   158 |   319 ||   621

Levels and vault maps discovered:
D:1:      dpeg_arrival_snail, layout_basic
D:2:      layout_loops_ring, zin_scriptorium, minmay_pentomino_v2
D:3:      layout_loops_corners, grunt_temple_overflow_forces_of_nature,
          nzn_wu_jian_council_hall, grunt_temple_overflow_diamond,
          glass_columns_c, eino_tiny_chamber, minmay_fountain_box, uniq_robin
D:4:      layout_basic, st_stairs_4, nicolae_dithmenos_shadow_blocks,
          uniq_sigmund
D:5:      layout_basic, grunt_temple_overflow_lords_of_destruction,
          serial_shops, shop_statue
D:6:      layout_basic, minmay_temple_entry_ruins, serial_shops,
          nicolae_shop_stone, skrybe_limestone_x, minmay_misc_feat_chi,
          uniq_grinder
D:7:      layout_loops_ring, lemuel_round_altar, serial_shops, shop,
          gammafunk_ghost_necromancy
D:8:      minmay_the_grid_triangle_9x9_recursive_2
          [minmay_the_grid_triangle_9x9_prize_center,
          minmay_the_grid_triangle_9x9_intruding_spiral,
          minmay_the_grid_triangle_9x9_tough_junction,
          minmay_the_grid_triangle_9x9_wacky_v], layout_gridville,
          david_lair_shrubbed, enter_bailey_1, grunt_decor_cap,
          nemelex_dance_club_becter, uniq_grum
D:9:      layout_cave_pods, nicolae_overflow_hidden_temple, special_room
          [special_room_orc], grunt_ministairs_12, kb_lookout_dungeons_type,
          uniq_joseph
D:10:     layout_stronghold, enter_trove_0, uniq_maggie
D:11:     layout_roguey, gauntlet_entry_generic
Gauntlet: gammafunk_gauntlet_mixed_choke_point [minmay_gauntlet_arena_77_mess,
          minmay_gauntlet_arena_77_p_blocks, minmay_gauntlet_arena_77_box,
          nicolae_gauntlet_arena_flowing_pool,
          minmay_gauntlet_arena_77_tiled_triplets,
          minmay_gauntlet_arena_77_block_sizes,
          minmay_gauntlet_arena_77_cramped, gauntlet_exit_spiral]

Notes
Turn   | Place    | Note
-------+----------+-------------------------------------------
     0 | D:1      | infcreate the Vampire Enchanter began the quest for the
                  | Orb.
     0 | D:1      | Reached XP level 1. HP: 13/13 MP: 3/3
   311 | D:1      | Reached XP level 2. HP: 15/15 MP: 5/5
   314 | D:1      | Learned a level 2 spell: Ensorcelled Hibernation
   994 | D:2      | Reached XP level 3. HP: 13/20 MP: 2/6
  1190 | D:2      | Learned a level 3 spell: Confusing Touch
  1221 | D:2      | Reached skill level 5 in Stealth
  1379 | D:2      | Reached skill level 5 in Hexes
  1442 | D:2      | Found a glowing silver altar of Zin.
  1496 | D:2      | Reached skill level 2 in Short Blades
  1893 | D:2      | Reached skill level 3 in Dodging
  1893 | D:2      | Reached XP level 4. HP: 21/24 MP: 1/7
  2654 | D:3      | Found a stormy altar of Qazlal.
  2656 | D:3      | Found a blossoming altar of Fedhas.
  2675 | D:3      | Reached skill level 1 in Fighting
  2711 | D:3      | Noticed Robin
  2959 | D:3      | Killed Robin
  3139 | D:3      | Found an ornate altar of the Wu Jian Council.
  3460 | D:3      | Noticed a centaur
  3472 | D:3      | Killed a centaur
  3473 | D:3      | Reached XP level 5. HP: 7/29 MP: 8/8
  3745 | D:3      | Found a bloodstained altar of Trog.
  3748 | D:3      | Found a shadowy altar of Dithmenos.
  3756 | D:3      | Became a worshipper of Dithmenos the Shadowed
  3760 | D:3      | Found a shimmering blue altar of Sif Muna.
  3994 | D:4      | Noticed a phantom
  4166 | D:4      | Found a shadowy altar of Dithmenos.
  4204 | D:4      | Reached skill level 6 in Stealth
  4208 | D:4      | Reached XP level 6. HP: 34/34 MP: 9/9
  4603 | D:4      | Learned a level 3 spell: Tukima's Dance
  4786 | D:4      | Reached skill level 3 in Short Blades
  4841 | D:4      | Reached skill level 4 in Dodging
  4841 | D:4      | Reached skill level 6 in Hexes
  5042 | D:4      | Noticed Sigmund
  5058 | D:4      | Killed Sigmund
  5059 | D:4      | Reached XP level 7. HP: 39/39 MP: 11/11
  5144 | D:5      | Entered Level 5 of the Dungeon
  5167 | D:5      | Reached skill level 2 in Fighting
  5179 | D:5      | Reached skill level 7 in Stealth
  5235 | D:5      | Found Temymabi's General Store.
  5242 | D:5      | Bought a +0 pair of boots of stealth for 172 gold pieces
  5280 | D:5      | Found a radiant altar of Vehumet.
  5281 | D:5      | Found a burning altar of Makhleb.
  5285 | D:5      | Reached skill level 3 in Spellcasting
  5557 | D:5      | Reached skill level 7 in Hexes
  6074 | D:5      | Reached skill level 4 in Short Blades
  6104 | D:5      | Reached * piety under Dithmenos
  6198 | D:6      | Found a staircase to the Ecumenical Temple.
  6309 | D:6      | Reached skill level 5 in Dodging
  6311 | D:6      | Reached XP level 8. HP: 45/45 MP: 12/12
  6458 | D:6      | Reached skill level 8 in Stealth
  6852 | D:6      | Noticed Grinder
  6882 | D:6      | Killed Grinder
  6883 | D:6      | Reached skill level 5 in Short Blades
  6883 | D:6      | Reached skill level 8 in Hexes
  6961 | D:6      | Found Sovablo's Gadget Emporium.
  7112 | D:6      | Bought a wand of digging (3) for 182 gold pieces
  7416 | D:7      | Reached skill level 3 in Fighting
  7416 | D:7      | Reached skill level 6 in Dodging
  7416 | D:7      | Reached skill level 9 in Stealth
  7462 | D:7      | Found a broken altar of Ashenzari.
  7502 | D:7      | Found Muhip's Book Emporium.
  7547 | D:7      | HP: 1/46 [orc priest/divine providence (16)]
  7801 | D:6      | Reached ** piety under Dithmenos
  7984 | D:7      | Reached XP level 9. HP: 50/50 MP: 14/14
  8242 | D:7      | Reached skill level 9 in Hexes
  8242 | D:7      | Found a runed translucent gate.
  8242 | D:7      | Found a runed translucent gate.
  8242 | D:7      | Found a runed translucent gate.
  8252 | D:7      | Reached skill level 4 in Spellcasting
  8254 | D:7      | Noticed MajorAdolf's ghost (novice NaWn)
  8450 | D:7      | Reached skill level 6 in Short Blades
  8597 | D:8      | Found a flagged portal.
  8602 | Bailey   | Entered a bailey
  9137 | Bailey   | Reached skill level 10 in Stealth
  9292 | Bailey   | Identified a +0 crystal plate armour
  9306 | Bailey   | Reached skill level 7 in Dodging
  9455 | Bailey   | Learned a level 3 spell: Dazzling Flash
  9757 | Bailey   | Reached skill level 10 in Hexes
 10168 | D:8      | Reached skill level 7 in Short Blades
 10168 | D:8      | Reached XP level 10. HP: 56/56 MP: 16/16
 10169 | D:8      | Found a sparkling altar of Nemelex Xobeh.
 10288 | D:8      | Reached skill level 4 in Fighting
 10350 | D:8      | Reached skill level 11 in Stealth
 10370 | D:8      | Found a staircase to the Lair.
 10466 | D:8      | Noticed Grum
 10539 | D:8      | Noticed a two-headed ogre
 10664 | D:8      | HP: 1/56 [wolf[Grum] (10)]
 10747 | D:8      | Killed Grum
 10861 | D:8      | Killed a two-headed ogre
 10862 | D:8      | Reached skill level 8 in Dodging
 11027 | D:8      | Reached skill level 11 in Hexes
 11142 | D:8      | Found a runed translucent door.
 11142 | D:8      | Found a runed translucent door.
 11187 | D:8      | Noticed a centaur warrior
 11188 | D:8      | Noticed an unseen horror
 11199 | D:8      | Killed a centaur warrior
 11200 | D:8      | Reached skill level 8 in Short Blades
 11200 | D:8      | Reached skill level 12 in Stealth
 11200 | D:8      | Reached skill level 5 in Spellcasting
 11234 | D:8      | Killed an unseen horror
 11467 | D:8      | Got a faintly glowing bronze ring
 11469 | D:8      | Got a fine iron ring
 11473 | D:8      | Identified the ring of Pezotharch {MP+9 Dex+6 Slay+3} (You
                  | found it on level 8 of the Dungeon)
 11475 | D:8      | Identified the ring "Ilaneij" {rPois rC+ rCorr} (You found
                  | it on level 8 of the Dungeon)
 11594 | D:8      | Reached XP level 11. HP: 62/62 MP: 18/18
 11698 | D:9      | Noticed Joseph
 11708 | D:9      | Killed Joseph
 11708 | D:9      | Reached *** piety under Dithmenos
 12357 | D:9      | Found an iron altar of Okawaru.
 12491 | D:9      | Found a roughly hewn altar of Beogh.
 12685 | D:9      | Reached skill level 9 in Dodging
 12867 | D:9      | Reached skill level 5 in Fighting
 12957 | D:10     | Entered Level 10 of the Dungeon
 13090 | D:10     | Reached **** piety under Dithmenos
 13269 | D:10     | Reached skill level 12 in Hexes
 13575 | D:10     | Noticed Maggie
 13586 | D:10     | Killed Maggie
 13601 | D:10     | Found a portal to a secret trove of treasure.
 13792 | D:10     | Reached skill level 9 in Short Blades
 13792 | D:10     | Reached skill level 13 in Stealth
 14320 | D:11     | Found a gate leading to a gauntlet.
 14323 | D:11     | Noticed a white ugly thing
 14352 | D:11     | Killed a white ugly thing
 14391 | Gauntlet | Entered a Gauntlet
 14391 | Gauntlet | Found a transporter.
 14391 | Gauntlet | Found a transporter.
 14393 | Gauntlet | Noticed a fire crab
 14409 | Gauntlet | Noticed a necromancer
 14441 | Gauntlet | Found a transporter.
 14451 | Gauntlet | Noticed a sixfirhy
 14456 | Gauntlet | Found a transporter.
 14471 | Gauntlet | Found a transporter.
 14471 | Gauntlet | Found a transporter.
 14471 | Gauntlet | Found a transporter.
 14471 | Gauntlet | Noticed an obsidian statue
 14473 | Gauntlet | Found a transporter.
 14473 | Gauntlet | Found a transporter.
 14475 | Gauntlet | Noticed a thrashing horror
 14478 | Gauntlet | Found a runed translucent door.
 14483 | Gauntlet | Found a runed translucent door.
 14485 | Gauntlet | Found a transporter.
 14501 | Gauntlet | Found a transporter.
 14501 | Gauntlet | Noticed a thrashing horror
 14511 | Gauntlet | Found a transporter.
 14513 | Gauntlet | Noticed a blizzard demon
 14528 | Gauntlet | Found a transporter.
 14545 | Gauntlet | Found a transporter.
 14603 | Gauntlet | Killed a fire crab
 14608 | Gauntlet | HP: 1/64 [fire bat (8)]
 14840 | Gauntlet | Noticed a soul eater
 15123 | Gauntlet | Got an ichor-stained hat
 15145 | Gauntlet | Identified the +2 hat of Grace {*Contam Rampage Int+2} (You
                  | found it in a Gauntlet)
 15275 | Gauntlet | Noticed a minotaur
 15287 | Gauntlet | HP: 1/64 [minotaur/+3 rapier of flaming (20)]
 15287 | Gauntlet | Mangled by a minotaur

Vanquished Creatures
  A centaur warrior (D:8)
  A two-headed ogre (D:8)
  A fire crab (Gauntlet)
  An unseen horror (D:8)
  An ugly thing (D:11)
  Joseph (D:9)
  A komodo dragon (D:8)
  Maggie (D:10)
  A hornet (shapeshifter) (D:8)
  Grinder (D:6)
  Sigmund (D:4)
  9 yaks
  A basilisk (D:10)
  2 fire bats (Gauntlet)
  Grum (D:8)
  A water moccasin (D:8)
  16 orc warriors
  A black bear (D:6)
  An ice beast (D:10)
  2 sky beasts
  2 ogres
  2 phantoms
  2 eyes of draining (D:8)
  9 centaurs
  4 wolves (D:8)
  6 bullfrogs
  2 scorpions
  14 killer bees
  16 wights
  A howler monkey (D:4)
  A crimson imp (D:5)
  A centaur zombie (D:5)
  3 hounds
  4 orc priests
  3 jellies
  3 centaur skeletons
  2 orc wizards
  8 iguanas
  4 worker ants
  A killer bee zombie (D:8)
  A hound zombie (D:9)
  2 hound skeletons
  Robin (D:3)
  12 gnolls
  5 adders
  2 shadow imps (D:8)
  4 white imps
  An ufetubus (D:6)
  An ooze (D:8)
  3 worms
  2 dart slugs
  4 leopard geckos
  61 orcs
  3 ball pythons
  A giant cockroach (D:3)
  12 goblins
  5 hobgoblins
  16 jackals
  5 quokkas
  6 bats
  6 frilled lizards
  A jackal skeleton (D:7)
  9 kobolds
  A leopard gecko skeleton (D:8)
  A leopard gecko zombie (D:7)
  3 quokka skeletons
  9 rats
  A bush (D:9)
311 creatures vanquished.

Vanquished Creatures (others)
  20 plants (D:8)
20 creatures vanquished.

Grand Total: 331 creatures vanquished

Table legend: (Time is in decaauts)
 A = Elapsed time spent in this place.
 B = Non-inter-level travel time spent in this place.
 C = Inter-level travel time spent in this place.
 D = Time resting spent in this place.
 E = Time spent auto-exploring this place.
 F = Levels seen in this place.
 G = Mean time per level.
                   A        B        C        D        E       F      G
               +--------+--------+--------+--------+--------+-----+--------+
         Total |  15048 |  13094 |   1954 |   4092 |    369 |  13 | 1157.5 |
       Dungeon |  12644 |  10690 |   1954 |   3017 |    191 |  11 | 1149.5 |
        Bailey |   1518 |   1518 |      0 |    554 |      0 |   1 | 1518.0 |
      Gauntlet |    885 |    885 |      0 |    521 |    178 |   1 |  885.0 |
               +--------+--------+--------+--------+--------+-----+--------+

Top non-repeatable levels by time:
     D:3: 1739 daAuts
  Bailey: 1518 daAuts
     D:8: 1508 daAuts
     D:2: 1432 daAuts
     D:9: 1247 daAuts
     D:6: 1247 daAuts
    D:10: 1239 daAuts
     D:1: 1127 daAuts
     D:5: 1095 daAuts
     D:4: 1051 daAuts
Gauntlet: 885 daAuts
     D:7: 811 daAuts
    D:11: 142 daAuts

Table legend:
 A = Non-vault XP
 B = Vault XP
 C = Vault XP percentage of total XP
 D = Non-vault monster count
 E = Vault monster count
 F = Vault count percentage of total count
                 A         B        C        D         E       F
            +---------+---------+-------+---------+---------+-------
      Total |    9666 |    8564 |  47.0 |     208 |     102 |  32.9
            +---------+---------+-------+---------+---------+-------
        D:1 |      37 |       0 |   0.0 |      22 |       0 |   0.0
        D:2 |      80 |      13 |  14.0 |      25 |       1 |   3.8
        D:3 |     139 |      32 |  18.7 |      13 |       9 |  40.9
        D:4 |     255 |     350 |  57.9 |      18 |       3 |  14.3
        D:5 |     416 |      50 |  10.7 |      19 |       1 |   5.0
        D:6 |     827 |     295 |  26.3 |      20 |       1 |   4.8
        D:7 |     987 |       0 |   0.0 |      22 |       0 |   0.0
        D:8 |    2836 |    3350 |  54.2 |      27 |      18 |  40.0
        D:9 |     558 |     996 |  64.1 |       6 |      29 |  82.9
       D:10 |    2032 |     359 |  15.0 |      30 |       1 |   3.2
       D:11 |    1499 |       0 |   0.0 |       6 |       0 |   0.0
     Bailey |       0 |    1952 | 100.0 |       0 |      36 | 100.0
   Gauntlet |       0 |    1167 | 100.0 |       0 |       3 | 100.0
            +---------+---------+-------+---------+---------+-------
